 Dungeon Crawl Stone Soup version 0.28.0-53-g5a82cb258f (webtiles) character file.

Game seed: 14768202643621279361

18 gobodom the Skirmisher (level 2, -3/21 HPs)
             Began as a Demonspawn Chaos Knight on June 18, 2022.
             Was a Plaything of Xom.
             Slain by a worm (9 damage)
             ... on level 1 of the Dungeon.
             The game lasted 00:02:32 (714 turns).

gobodom the Skirmisher (Demonspawn Chaos Knight)     Turns: 714, Time: 00:02:33

Health: -3/21      AC:  5    Str: 12    XL:     2   Next: 51%
Magic:  2/2        EV: 11    Int: 13    God:    Xom [.*....]
Gold:   64         SH:  0    Dex: 12    Spells: 1/1 levels left

rFire   . . .      SeeInvis +   a - +0 hand axe (chaos)
rCold   + . .      Faith    .   (no shield)
rNeg    . . .      Spirit   .   b - +2 leather armour
rPois   .          Reflect  .   (helmet unavailable)
rElec   .          Harm     .   (no cloak)
rCorr   .          Rampage  .   (no gloves)
Will    .....                   (no boots)
Stlth   +.........              (no amulet)
HPRegen 0.07/turn               (no ring)
MPRegen 0.08/turn               (no ring)

@: unable to read
A: horns 3, see invisible, cold resistance 1, frail 1, screaming 1, inhibited
regeneration, inability to read while threatened
a: Renounce Religion


You were on level 1 of the Dungeon.
You worshipped Xom.
You were a plaything of Xom.
You visited 1 branch of the dungeon, and saw 1 of its levels.

You collected 64 gold pieces.

Inventory:

Hand Weapons
 a - a +0 hand axe of chaos (weapon)
Armour
 b - a +2 leather armour (worn)
Scrolls
 d - a scroll of immolation {unknown}
Potions
 c - a potion of curing {unknown}


   Skills:
 + Level 3.3 Fighting
 + Level 3.0 Axes
 + Level 2.0 Armour
 + Level 0.8 Dodging


You had one spell level left.
You didn't know any spells.
Your spell library contained the following spells:

 Spells                   Type           Power      Damage    Failure   Level
 Shock                    Conj/Air       0%         1d3       36%         1


Dungeon Overview and Level Annotations

Branches:
Dungeon (1/15)

Altars:


Innate Abilities, Weirdness & Mutations

You have a pair of large horns on your head.
You have supernaturally acute eyesight. (SInv)
Your flesh is cold resistant. (rC+)
You are frail. (-10% HP)
You occasionally shout uncontrollably at your foes.
You do not regenerate when monsters are visible.
You sometimes lose the ability to read scrolls when taking damage.


Message History

The worm is almost dead.
The worm barely misses you.
You hit the worm but do no damage.
The worm is almost dead.
The worm closely misses you.
You hit the worm. You freeze the worm.
You kill the worm!
You closely miss the kobold. The kobold closely misses you.
You barely miss the kobold.
Xom plays with reality for a moment.
The worm flies into a frenzy!
The kobold flies into a frenzy!
The kobold hits you with a +0 dagger. The kobold barely misses you.
You hit the kobold but do no damage. You headbutt the kobold.
The kobold is severely wounded.
The kobold hits you with a +0 dagger.
The kobold hits the worm with a +0 dagger.
You strike the helpless kobold from behind!
You hit the kobold but do no damage. You drain the kobold.
You kill the kobold!
You hit the worm but do no damage.
The worm is lightly wounded.
The worm bites you but does no damage.
You hit the worm but do no damage. You drain the worm.
The worm is moderately wounded.
The worm bites you!
You feel threatened and lose the ability to read scrolls!
Ouch! That really hurt!
* * * LOW HITPOINT WARNING * * *
You barely miss the worm.
The worm is moderately wounded.
You can read scrolls again.
The worm bites you but does no damage.
You hit the worm but do no damage. Your headbutt misses the worm.
The worm is lightly wounded.
The worm closely misses you.
You hit the worm. You burn the worm.
The worm is heavily wounded.
The worm bites you!
You feel threatened and lose the ability to read scrolls!
You die...

#######.###..
##.....^...#............
...........#######...P##
............ ##...#.P
#.....>...# #...#.##
#.^.^..^..# #(.#.#..
#)......# #.#.#.##
#..(w.# ###.#P#.#.
####..@#######...^.^...
......?.................
###############..##..###
#..##.### #.......#
##.####.# #.# #.# #.#
#.# #.# #.#


You could see a neutral worm (fast, strong, insane, drained).

Vanquished Creatures
  A worm (D:1)
  3 giant cockroaches (D:1)
  2 hobgoblins (D:1)
  A ball python (D:1)
  3 frilled lizards (D:1)
  3 goblins (D:1)
  2 kobolds (D:1)
  A rat (D:1)
16 creatures vanquished.

Notes
Turn   | Place    | Note
-------+----------+-------------------------------------------
     0 | D:1      | gobodom the Demonspawn Chaos Knight began the quest for the
                  | Orb.
     0 | D:1      | Reached XP level 1. HP: 18/18 MP: 1/1
    47 | D:1      | Found a faded altar of an unknown god.
    53 | D:1      | XOM: silly message
    57 | D:1      | Got Plato's Reference Book on Conjuration
   334 | D:1      | Gained mutation: You have a pair of small horns on your
                  | head. [demonic ancestry]
   334 | D:1      | Reached XP level 2. HP: 21/24 MP: 2/2
   347 | D:1      | XOM: 3-stop teleportation journey
   561 | D:1      | XOM: give mutations
   561 | D:1      | Gained mutation: You occasionally shout uncontrollably at
                  | your foes. [Xom's mischief]
   561 | D:1      | Gained mutation: You sometimes lose the ability to read
                  | scrolls when taking damage. [Xom's mischief]
   561 | D:1      | Gained mutation: You do not regenerate when monsters are
                  | visible. [Xom's mischief]
   561 | D:1      | Gained mutation: You are frail. (-10% HP) [Xom's mischief]
   646 | D:1      | XOM: give mutations
   646 | D:1      | Gained mutation: You have supernaturally acute eyesight.
                  | (SInv) [Xom's grace]
   646 | D:1      | Gained mutation: You have a pair of horns on your head.
                  | [Xom's grace]
   646 | D:1      | Gained mutation: You have a pair of large horns on your
                  | head. [Xom's grace]
   646 | D:1      | Gained mutation: Your flesh is cold resistant. (rC+) [Xom's
                  | grace]
   707 | D:1      | XOM: cast spell 'Discord'
   714 | D:1      | Slain by a worm

Illustrated notes

Levels and vault maps discovered:
D:1:      tarquinn_simple_flora_water_a, layout_loops_ring,
          shapermc_ecumenical_altar_rom_forum, nicolae_wormholes

Skill      XL: |  1  2 |
---------------+-------+-----
Armour         | 2 |  2.0
Axes           | 3 |  3.0
Fighting       | |  3.3
Dodging        | |  0.8

Action                   || total
-------------------------++-------
Melee: Hand axe          ||    42
       Headbutt          ||     3
       Punch             ||     1
 Stab: Sleeping          ||     2
       Distracted        ||     1
Armor: Leather armour    ||     9
Dodge: Dodged            ||    14
